Map: 16-Bit LE

Players

Nigrnog - Winner!

  • Race: Zerg Zerg
  • League: Gold
  • Spawn Location: 7:00

MooEsqoo

  • Race: Protoss Protoss
  • Spawn Location: 1:00

VOD

Have the link to the VOD?

Description

Time

  • Played on: Jan. 21, 2020, 10:49 a.m.
  • Length: 10:17
Show
View Real Time Build Order
Export as new Build Order

Nigrnog Zerg - Winner!

Build Orders: 3 Hatch before Pool 

Get SALT Encoding   

  12  0:00  Drone  
  13  0:13  Overlord  
  13  0:18  Drone  
  14  0:31  Drone x2  
  16  0:39  Drone  
  17  0:46  Drone  
  18  0:56  Drone  
  19  1:04  Hatchery  
  18  1:21  Drone x2  
  20  1:37  Extractor  
  20  1:38  Hatchery  
  18  1:52  Spawning Pool  
  17  2:09  Drone x3  
  20  2:18  Overlord  
  20  2:27  Drone  
  21  2:37  Drone x2  
  21  2:43  Drone x2  
  25  2:49  Queen  
  27  2:51  Roach Warren  
  27  2:54  Queen  
  28  2:59  Queen  
  28  3:04  Drone  
  28  3:05  Drone  
  32  3:08  Drone  
  32  3:11  Drone  
  34  3:13  Drone  
  34  3:18  Drone  
  34  3:19  Drone  
  37  3:21  Drone  
  38  3:39  Hatchery  
  37  3:45  Drone x2  
  37  3:46  Drone x3  
  42  3:52  Lair  
  42  4:03  Overlord  
  42  4:04  Overlord x2  
  42  4:18  Overlord x3  
  42  4:28  Hatchery  
  41  4:33  Drone x3  
  41  4:34  Drone  
  41  4:36  Drone  
  41  4:38  Drone  
  47  4:42  Spore Crawler  
  47  4:45  Spore Crawler  
  45  4:47  Extractor  
  45  4:49  Extractor  
  45  4:52  Extractor, Spore Crawler  
  41  4:53  Spore Crawler  
  41  4:57  Spore Crawler  
  39  5:07  Queen  
  39  5:10  Drone x5  
  46  5:15  Glial Reconstitution  
  46  5:19  Metabolic Boost  
  46  5:29  Drone x5  
  51  5:37  Drone  
  51  5:42  Extractor  
  51  5:43  Spore Crawler  
  51  5:46  Extractor, Drone x4  
  51  5:48  Drone  
  54  5:52  Drone x2  
  56  6:06  Infestation Pit  
  55  6:13  Spire  
  55  6:17  Spore Crawler  
  55  6:18  Spire  
  52  6:22  Drone x3  
  55  6:30  Queen  
  57  6:36  Spore Crawler  
  57  6:39  Spore Crawler  
  55  6:41  Spore Crawler  
  55  6:43  Spore Crawler  
  53  6:47  Spore Crawler  
  53  6:48  Drone x3  
  53  6:49  Drone x5  
  60  7:01  Drone x3  
  60  7:02  Drone x4  
  60  7:04  Drone  
  68  7:16  Drone x5  
  71  7:24  Queen  
  71  7:25  Drone x3  
  76  7:35  Mutalisk x5  
  86  7:37  Mutalisk  
  86  7:40  Mutalisk  
  86  7:43  Mutalisk  
  92  7:47  Extractor  
  92  7:48  Mutalisk x2  
  92  7:50  Extractor  
  94  7:52  Drone x2  
  94  7:53  Drone  
  94  7:54  Drone  
  94  7:56  Drone  
  94  7:57  Drone  
  100  7:59  Drone  
  100  8:00  Drone  
  100  8:03  Zerg Flyer Weapons Level 1  
  102  8:13  Overlord  
  102  8:14  Overlord x4  
  102  8:27  Overlord x5  
  102  8:35  Mutalisk x3  
  102  8:37  Mutalisk  
  102  8:40  Mutalisk  
  112  8:42  Mutalisk  
  112  8:44  Mutalisk  
  116  8:55  Pneumatized Carapace  
  116  8:56  Mutalisk x4  
  124  9:04  Drone x4  
  110  9:29  Mutalisk x5  
  110  9:30  Mutalisk  
  122  9:39  Zergling x14  
  122  9:40  Zergling x14  
  136  9:50  Mutalisk x3  
Show
View Real Time Build Order
Export as new Build Order

MooEsqoo Protoss 

Build Orders: Oracle Opening 

Get SALT Encoding   

  12  0:01  Probe  
  13  0:16  Pylon  
  13  0:20  Probe  
  14  0:36  Gateway  
  14  0:39  Probe  
  15  0:53  Probe  
  16  1:00  Assimilator  
  16  1:11  Probe (Chrono Boost)  
  17  1:23  Probe (Chrono Boost)  
  18  1:29  Probe (Chrono Boost)  
  19  1:37  Probe  
  20  1:49  Probe  
  20  1:52  Nexus  
  21  1:58  Cybernetics Core  
  21  2:16  Assimilator  
  21  2:30  Pylon  
  21  2:34  Stalker (Chrono Boost)  
  23  2:43  Stargate  
  23  2:45  Gateway  
  23  2:50  Probe  
  24  2:57  Stalker  
  24  3:02  Probe, Shield Battery  
  24  3:05  Probe  
  28  3:12  Warp Gate (Chrono Boost)  
  28  3:15  Probe  
  28  3:17  Probe  
  31  3:27  Probe  
  31  3:29  Probe  
  32  3:34  Oracle (Chrono Boost)  
  32  3:39  Probe  
  36  3:47  Shield Battery  
  36  3:48  Probe  
  37  3:51  Probe  
  38  4:00  Probe  
  39  4:03  Probe  
  39  4:08  Stalker  
  39  4:09  Stalker  
  44  4:16  Assimilator  
  44  4:18  Assimilator  
  44  4:23  Pylon  
  44  4:25  Robotics Facility  
  44  4:40  Pylon  
  44  4:48  Probe x2  
  46  4:57  Oracle  
  49  5:00  Probe  
  49  5:01  Probe  
  51  5:12  Probe  
  51  5:13  Probe  
  53  5:25  Probe x2  
  55  5:38  Nexus  
  55  5:41  Pylon  
  55  5:48  Pylon  
  55  5:49  Pylon  
  55  5:52  Pylon  
  55  6:06  Probe  
  55  6:07  Probe  
  57  6:18  Immortal (Chrono Boost), Stalker  
  57  6:19  Probe x2, Sentry  
  67  6:28  Forge  
  67  6:29  Twilight Council  
  67  6:32  Probe x2  
  69  6:38  Gateway  
  69  6:40  Gateway  
  69  6:42  Gateway  
  69  6:44  Probe x2  
  69  6:45  Pylon  
  71  6:48  Gateway  
  71  6:55  Probe, Protoss Ground Weapons Level 1 (Chrono Boost)  
  71  6:56  Probe x2  
  74  7:07  Probe  
  72  7:26  Probe x2  
  72  7:27  Probe  
  75  7:33  Stalker x2  
  79  7:38  Probe  
  79  7:39  Probe x2, Void Ray  
  90  7:46  Observer (Chrono Boost)  
  90  7:51  Probe x3  
  90  7:52  Stalker x2  
  90  7:57  Charge (Chrono Boost), Assimilator  
  94  7:59  Warp Prism (Chrono Boost)  
  94  8:01  Assimilator  
  96  8:06  Pylon  
  96  8:08  Pylon  
  96  8:09  Zealot x2  
  96  8:10  Zealot x2, Pylon  
  96  8:12  Pylon  
  104  8:23  Zealot x2  
  108  8:57  Zealot  
  108  8:58  Zealot x5  
  117  9:14  Phoenix (Chrono Boost)  
  101  9:31  Stargate, Phoenix (Chrono Boost)  
  95  9:36  Stalker x5  
  95  9:37  Stalker  
  105  9:40  Observer  
  106  9:47  Phoenix (Chrono Boost)  
  106  9:48  Probe x3  
  101  10:00  Probe x3  
Tags
 
Add a new tag
Caveats
  • Supply blocks, unpowered buildings, or Contaminate may cause inaccurate times.
  • Supply counts are checked every 10 seconds.